 Dungeon Crawl Stone Soup version 0.29.0-15-g675c0067aa (webtiles) character file.

Game seed: 11033028127049612645

32 wakxed the Digger (level 3, -1/19 HPs)
             Began as a Deep Elf Earth Elementalist on Sept 12, 2022.
             Slain by Terence
             ... wielding a +0 flail
              (4 damage)
             ... on level 2 of the Dungeon.
             The game lasted 00:09:45 (1191 turns).

wakxed the Digger (Deep Elf Earth Elementalist)     Turns: 1191, Time: 00:09:45

Health: -1/19      AC:  3    Str: 11    XL:     3   Next: 8%
Magic:  7/10       EV: 12    Int: 21    God:
Gold:   25         SH:  0    Dex: 15    Spells: 3/9 levels left

rFire   . . .      SeeInvis .   b - +1 war axe (vorpal)
rCold   . . .      Faith    .   (no shield)
rNeg    + . .      Spirit   .   e - +0 robe
rPois   .          Reflect  .   (no helmet)
rElec   .          Harm     .   (no cloak)
rCorr   .          Rampage  .   (no gloves)
Will    .....                   f - +0 pair of boots
Stlth   ++........              (no amulet)
HPRegen 0.06/turn               g - +6 ring of strength
MPRegen 0.12/turn               n - ring of positive energy

@: no status effects
A: no striking features
a: no special abilities


You were on level 2 of the Dungeon.
You visited 1 branch of the dungeon, and saw 2 of its levels.

You collected 25 gold pieces.

Inventory:

Hand Weapons
 a - a +0 sling
 b - a +1 vorpal war axe (weapon)
 c - a +2 mace of holy wrath
Missiles
 d - 3 javelins
 i - 2 poisoned darts
Armour
 e - a +0 robe (worn)
 f - a +0 pair of boots (worn)
Jewellery
 g - a +6 ring of strength (left hand)
 n - a ring of positive energy (right hand)
Scrolls
 k - a scroll of identify {unknown}
 m - a scroll of amnesia {unknown}
Potions
 h - a potion of berserk rage {unknown}
 j - 2 potions of degeneration {unknown}
 l - a potion of magic


   Skills:
 - Level 2.4 Dodging
 - Level 2.4 Stealth
 + Level 3.7 Spellcasting
 + Level 0.0 Conjurations
 + Level 2.0 Transmutations
 + Level 3.8 Earth Magic


You had 3 spell levels left.
You knew the following spells:

 Your Spells              Type           Power      Damage    Failure   Level
a - Sandblast             Erth           40%        2d10      2%          1
b - Passwall              Tmut/Erth      13%        N/A       5%          2
c - Stone Arrow           Conj/Erth      24%        3d8       17%         3

Your spell library contained the following spells:

 Spells                   Type           Power      Damage    Failure   Level
 Summon Small Mammal      Summ           12%        N/A       12%         1
 Call Canine Familiar     Summ           3%         N/A       36%         3
 Summon Guardian Golem    Hex/Summ       3%         N/A       36%         3
 Petrify                  Tmut/Erth      16%        N/A       36%         4


Dungeon Overview and Level Annotations

Branches:
Dungeon (2/15)

Altars:

Annotations:
D:2 Terence


Message History

Item here: a scroll labelled KIEVVA XADEHU.
The floor.
Unknown command.
Press: ? - help, v - describe, . - travel, g - get item
Here: Terence, wielding a +0 flail and wearing a +0 chain mail (lightly wounded) Item here: a scroll labelled KIEVVA XADEHU.
The floor.
Unknown command.
Unknown command.
Okay, then.
Unknown command.
b - a +1 vorpal war axe (weapon)
Terence closely misses you.
You hit Terence but do no damage.
Terence is lightly wounded.
Terence hits you with a +0 flail.
You barely miss Terence.
Terence is lightly wounded.
Terence barely misses you. Terence hits you with a +0 flail.
You hit Terence.
Terence is lightly wounded.
Terence barely misses you.
You hit Terence.
Terence is heavily wounded.
Terence barely misses you. Terence misses you.
You hit Terence.
Terence is almost dead.
Terence completely misses you.
Your magical contamination has completely faded away.
You hit Terence but do no damage.
Terence is almost dead.
Terence hits you with a +0 flail. Terence closely misses you.
You barely miss Terence.
Terence is almost dead.
Terence hits you with a +0 flail.
* * * LOW HITPOINT WARNING * * *
You hit Terence.
Terence is almost dead.
Terence hits you with a +0 flail.
You die...

## ... ..# ..# ## #.#
..# # #.###...#
#####.#######.#.......
......@@..............
##.##.#######.#.......
.. ####.# ..... ##
#....###...##
#.###........ #.#
#.####### #.###.#
#..##.# ##.##.#


You could see Terence.

Vanquished Creatures
  A dart slug (D:1)
  A ball python (D:2)
  An endoplasm (D:1)
  6 giant cockroaches
  A goblin (D:1)
  2 hobgoblins (D:1)
  2 jackals (D:1)
  A quokka (D:1)
  6 bats (D:1)
  A frilled lizard (D:1)
  3 rats (D:1)
25 creatures vanquished.

Notes
Turn   | Place    | Note
-------+----------+-------------------------------------------
     0 | D:1      | wakxed the Deep Elf Earth Elementalist began the quest for
                  | the Orb.
     0 | D:1      | Reached XP level 1. HP: 10/10 MP: 6/6
   326 | D:1      | Reached XP level 2. HP: 15/15 MP: 8/8
   952 | D:1      | Learned a level 2 spell: Passwall
  1014 | D:1      | Reached XP level 3. HP: 19/19 MP: 8/10
  1073 | D:1      | Learned a level 3 spell: Stone Arrow
  1175 | D:2      | Noticed Terence
  1191 | D:2      | Slain by Terence

Illustrated notes

Levels and vault maps discovered:
D:1:      doesnt_arrival_eight_statues, layout_loops_corners
D:2:      layout_loops_ring, nicolae_ecumenical_oubliette, uniq_terence

Skill      XL: |  1  2 |
---------------+-------+-----
Transmutations | 2 |  2.0
Dodging        | |  2.4
Stealth        | |  2.4
Spellcasting   | |  3.7
Earth Magic    | |  3.8

Action                   || total
-------------------------++-------
Melee: War axe           ||    13
 Fire: Sling             ||    29
 Cast: Sandblast         ||    23
Armor: Robe              ||     5
Dodge: Dodged            ||    30
